 Dungeon Crawl Stone Soup version 0.29.1-12-g30fa7ad0bf (webtiles) character file.

Game seed: 12829858902674141124

1530 DemonSlayer the Shooter (level 8, -5/57 HPs)
             Began as a Demonspawn Earth Elementalist on Jan 5, 2023.
             Killed from afar by Blork the orc (13 damage)
             ... with a puff of flame
             ... on level 6 of the Dungeon.
             The game lasted 00:13:49 (7140 turns).

DemonSlayer the Shooter (DsEE)                      Turns: 7140, Time: 00:13:49

Health: -5/57      AC:  4    Str: 15    XL:     8   Next: 55%
Magic:  7/15       EV: 12    Int: 22    God:
Gold:   328        SH:  0    Dex: 14    Spells: 1/16 levels left

rFire   . . .      SeeInvis .   l - +3 sling (freeze)
rCold   . . .      Faith    .   (no shield)
rNeg    . . .      Spirit   .   a - +1 robe
rPois   .          Reflect  .   (no helmet)
rElec   .          Harm     .   r - +0 cloak
rCorr   .          Rampage  .   (no gloves)
Will    .....                   (no boots)
Stlth   ++........              (no amulet)
HPRegen 0.19/turn               i - +6 ring of strength
MPRegen 0.14/turn               (no ring)

@: no status effects
A: powered by death 1, big brain 2, demonic touch 1
a: no special abilities


You were on level 6 of the Dungeon.
You visited 1 branch of the dungeon, and saw 6 of its levels.
You also visited: Sewer.

You collected 328 gold pieces.

Inventory:

Hand Weapons
 l - a +3 sling of freezing (weapon)
 u - a +0 vorpal flail
Missiles
 e - a throwing net
 p - 4 curare-tipped darts
Armour
 a - a +1 robe (worn)
 r - a +0 cloak (worn)
Jewellery
 i - a +6 ring of strength (left hand)
Wands
 d - a wand of flame (6)
 t - a wand of paralysis (14)
Scrolls
 b - a scroll of poison {unknown}
 c - a scroll of enchant armour
 h - 4 scrolls of teleportation
 j - a scroll of silence
 k - 3 scrolls of identify
 m - 2 scrolls of fear
 o - 2 scrolls of magic mapping {unknown}
Potions
 f - a potion of curing
 g - 5 potions of flight
 n - 4 potions of lignification
 q - a potion of might
 s - a potion of mutation {unknown}


   Skills:
 + Level 2.9 Fighting
 + Level 5.9 Ranged Weapons
 + Level 2.8 Dodging
 + Level 2.2 Stealth
 + Level 0.1 Unarmed Combat
 + Level 4.7 Spellcasting
 + Level 0.8 Transmutations
 + Level 5.6 Earth Magic


You had one spell level left.
You knew the following spells:

 Your Spells              Type           Power      Damage    Failure   Level
a - Sandblast             Erth           60%        2d14      1%          1
b - Stone Arrow           Conj/Erth      34%        3d9       10%         3
c - Passwall              Tmut/Erth      15%        N/A       4%          2
d - Summon Guardian Gole  Hex/Summ       5%         N/A       30%         3
e - Ensorcelled Hibernat  Hex/Ice        10%        N/A       16%         2
f - Petrify               Tmut/Erth      19%        N/A       26%         4

Your spell library contained the following spells:

 Spells                   Type           Power      Damage    Failure   Level
 Summon Small Mammal      Summ           20%        N/A       11%         1
 Spider Form              Tmut/Pois      7%         N/A       26%         3
 Call Canine Familiar     Summ           5%         N/A       30%         3
 Ice Form                 Ice/Tmut       7%         N/A       65%         4
 Yara's Violent Unravell  Hex/Tmut       3%         3d4       94%         5


Dungeon Overview and Level Annotations

Branches:
Dungeon (6/15)              Sewer (visited)
 Temple: D:4-7

Altars:
Qazlal
Trog
Xom

Annotations:
D:6 Blork the orc


Innate Abilities, Weirdness & Mutations

You regenerate a little health from kills.
You have an extremely huge brain. (Int +4)
Your touch may inflict minor irresistible damage on your foes.


Message History

The steam dragon breathes steam at you. The ball of steam hits you!!
A steam dragon is nearby!
The blast of sand hits the steam dragon.
The steam dragon is moderately wounded.
The blast of sand hits the steam dragon!
The steam dragon is heavily wounded.
The steam dragon breathes steam at you. The ball of steam hits you!
The steam dragon barely misses you.
The steam dragon claws you but does no damage.
You hear a shout!
You hear a bark!
Casting: Sandblast (safe; 1% risk of failure)
Confirm with . or Enter, or press ? or * to list all spells.
Aiming: Stone Arrow (dangerous; 11% risk of failure)
Press: ? - help, Shift-Dir - straight line, f/p - steam dragon
Aim: a steam dragon (heavily wounded, catching its breath, 68% to hit)
The stone arrow hits the steam dragon!
The steam dragon is almost dead.
You are engulfed in a cloud of scalding steam.
The steam dragon bites you!
* * * LOW HITPOINT WARNING * * *
The steam dragon barely misses you.
Blork the orc comes into view.
He is wielding a +0 halberd.
Casting: Stone Arrow (dangerous; 11% risk of failure)
Confirm with . or Enter, or press ? or * to list all spells.
Aiming: Stone Arrow (dangerous; 11% risk of failure)
Press: ? - help, Shift-Dir - straight line, f/p - steam dragon
Aim: a steam dragon (steam, almost dead, 68% to hit)
The stone arrow hits the steam dragon!
You kill the steam dragon!
You are engulfed in a cloud of scalding steam.
* * * LOW HITPOINT WARNING * * *
You feel your dexterity returning.
You are engulfed in a cloud of scalding steam.
* * * LOW HITPOINT WARNING * * *
Blork the orc gestures at you while chanting.
The puff of flame misses you. Blork the orc casts a spell at you.
The puff of flame hits you!
You die...

##...## #.....######
#.....<..).# ##
#.....####.# .# ##...##
#.# .# ##.## #.# .##
#.# ##.## ..#
#.#####...### ### ..#
#.>.......@.# ... ..#
#..####...#.# #.## .##
#..# ##.##.##...#### .#
#..# #.#§§........#
.######..#
#.#..##...##.#
>........#
###......§.##
.......#.# #..........#
.######..###.###.o###.#
.####.....##.# #..# .#


You could see Blork the orc.

Vanquished Creatures
  Grinder (D:3)
  A steam dragon (D:6)
  A water moccasin (D:5)
  An ogre (D:5)
  3 centaurs
  2 kobold brigands (D:5)
  A necrophage (D:6)
  A crimson imp (D:4)
  4 hounds (D:5)
  3 iguanas
  A merfolk siren (Sewer)
  A merfolk avatar (Sewer)
  Robin (D:3)
  6 adders
  3 gnolls (D:4)
  5 river rats
  A white imp (D:4)
  2 ufetubi
  3 worms
  5 dart slugs
  9 orcs (D:3)
  5 bats
  8 endoplasms
  4 giant cockroaches
  9 hobgoblins
  10 jackals
  4 quokkas
  10 ball pythons
  16 frilled lizards
  10 goblins
  9 kobolds
  22 rats
162 creatures vanquished.

Notes
Turn   | Place    | Note
-------+----------+-------------------------------------------
     0 | D:1      | DemonSlayer the Demonspawn Earth Elementalist began the
                  | quest for the Orb.
     0 | D:1      | Reached XP level 1. HP: 13/13 MP: 3/3
    68 | D:1      | Found a faded altar of an unknown god.
   199 | D:1      | Gained mutation: You have an unusually large brain. (Int
                  | +2) [demonic ancestry]
   199 | D:1      | Reached XP level 2. HP: 14/19 MP: 0/5
   780 | D:1      | Reached XP level 3. HP: 22/24 MP: 0/6
  1580 | D:1      | Learned a level 3 spell: Stone Arrow
  1583 | D:1      | Learned a level 2 spell: Passwall
  1963 | D:2      | Got Lugaephi's Cyclopedia of Glacial Forms
  2020 | D:2      | Found a bloodstained altar of Trog.
  2581 | D:3      | Gained mutation: You have an extremely huge brain. (Int +4)
                  | [demonic ancestry]
  2581 | D:3      | Reached XP level 4. HP: 12/30 MP: 5/8
  2950 | D:3      | Identified the +8 dagger "Dafu" {venom, rF+ Str-4 SInv}
  3032 | D:3      | Reached skill level 1 in Ranged Weapons
  3146 | D:3      | Noticed Grinder
  3167 | D:3      | Paralysed by Grinder for 5 turns
  3173 | D:3      | Killed Grinder
  3174 | D:3      | Reached skill level 1 in Fighting
  3174 | D:3      | Reached XP level 5. HP: 10/37 MP: 4/9
  3174 | D:3      | Gained mutation: You regenerate a little health from kills.
                  | [demonic ancestry]
  3174 | D:3      | Reached XP level 6. HP: 12/43 MP: 4/10
  3646 | D:3      | Noticed Robin
  3659 | D:3      | Killed Robin
  3799 | D:3      | Learned a level 3 spell: Summon Guardian Golem
  3802 | D:3      | Learned a level 2 spell: Ensorcelled Hibernation
  4032 | D:4      | Found a glowing drain.
  4049 | Sewer    | Entered a sewer
  4551 | Sewer    | HP: 2/44 [poisoned by an adder]
  5143 | D:4      | Reached XP level 7. HP: 50/50 MP: 8/12
  5776 | D:5      | Entered Level 5 of the Dungeon
  5891 | D:5      | Found a stormy altar of Qazlal.
  6068 | D:5      | Found a large runed translucent door.
  6069 | D:5      | Found a large runed translucent door.
  6069 | D:5      | Found a shimmering altar of Xom.
  6298 | D:5      | Reached skill level 5 in Ranged Weapons
  6383 | D:5      | Gained mutation: Your touch may inflict minor irresistible
                  | damage on your foes. [demonic ancestry]
  6383 | D:5      | Reached XP level 8. HP: 38/57 MP: 9/13
  6793 | D:5      | Learned a level 4 spell: Petrify
  6881 | D:6      | Reached skill level 5 in Earth Magic
  7136 | D:6      | Noticed Blork the orc
  7140 | D:6      | Killed from afar by Blork the orc

Illustrated notes

Levels and vault maps discovered:
D:1:      onia_arrival_handbag, layout_basic,
          hellmonk_ecumenical_altar_lost_god, hangedman_decor_points
D:2:      layout_loops_ring, basic_altar
D:3:      layout_rooms, uniq_grinder, uniq_robin
D:4:      layout_basic, cheibrodos_sewer_entry_sluice,
          chequers_serial_rivers_large_a, minmay_fire_ice_demons
D:5:      due_chaos_kobolds, layout_basic, nicolae_qazlal_general_emergency,
          amcnicky_mini_pool_small
D:6:      layout_loops_ring, uniq_blork_the_orc, uniq_prince_ribbit1

Skill      XL: |  1  2  3  4  5  6  7  8 |
---------------+-------------------------+-----
Earth Magic    | 3 4 5 |  5.6
Dodging        | 2 |  2.8
Stealth        | 2 |  2.2
Ranged Weapons | 3 5 |  5.9
Fighting       | 1 2 |  2.9
Spellcasting   | 3 4 |  4.7
Unarmed Combat | |  0.1
Transmutations | |  0.8

Action                   |  1- 3 |  4- 6 |  7- 9 || total
-------------------------+-------+-------+-------++-------
Melee: Unarmed           |    14 |       |       ||    14
       Dagger            |    14 |       |       ||    14
 Fire: Sling             |    27 |   148 |    89 ||   264
 Cast: Sandblast         |    55 |    49 |    44 ||   148
       Stone Arrow       |       |       |     2 ||     2
  Use: Potion            |     2 |     5 |       ||     7
       Scroll            |       |    11 |     1 ||    12
Armor: Robe              |     9 |    31 |    19 ||    59
Dodge: Dodged            |    48 |    70 |    59 ||   177
